 Dungeon Crawl Stone Soup version 0.31-a0-222-gefeffbb62a (webtiles) character file.

Game seed: 7733209581321783266

282 qw the Shooter (level 6, -2/37 HPs)
             Began as a Gargoyle Hexslinger on July 5, 2023.
             Slain by an orc
             ... wielding a +0 war axe
              (7 damage)
             ... on level 4 of the Dungeon.
             The game lasted 00:01:08 (2326 turns).

qw the Shooter (Gargoyle Hexslinger)                Turns: 2326, Time: 00:01:09

Health: -2/37      AC: 11    Str: 17    XL:     6   Next: 28%
Magic:  7/7        EV: 11    Int: 14    God:
Gold:   259        SH:  5    Dex: 20    Spells: 6/7 levels left

rFire   . . .        Y - +1 sling
rCold   . . .        (no shield)
rNeg    + . .        b - +0 ring mail
rPois   inf          g - +1 helmet
rElec   +            (no cloak)
rCorr   .            (no gloves)
SInv    .            (no boots)
Will    .....        h - amulet of reflection
Stlth   +            i - +6 ring of strength
HPRegen 0.26/turn    e - +6 ring of dexterity
MPRegen 0.10/turn

%: reflection
@: no status effects
A: sickness immunity, AC +4, negative energy resistance 1, electricity
resistance, torment resistance 1, petrification resistance
a: no special abilities


You were on level 4 of the Dungeon.
You visited 1 branch of the dungeon, and saw 4 of its levels.

You collected 259 gold pieces.


Innate Abilities, Weirdness & Mutations

You are immune to sickness and miasma.
Your stone body is resilient. (AC +4)
You are immune to poison.
You resist negative energy. (rN+)
You are resistant to electric shocks. (rElec)
You are resistant to unholy torment.
You are immune to petrification.


   Skills:
 - Level 3.1 Fighting
 + Level 5.6 Ranged Weapons
 - Level 1.0 Armour
 - Level 1.5 Dodging
 - Level 1.0 Spellcasting
 - Level 2.6 Hexes


You had 6 spell levels left.
You knew the following spells:

 Your Spells              Type           Power      Damage    Failure   Level
a - Slow                  Hex            32%        N/A       16%         1

Your spell library contained the following spells:

 Spells                   Type           Power      Damage    Failure   Level
 Inner Flame              Hex/Fire       4%         N/A       63%         3
 Portal Projectile        Hex/Tloc       8%         N/A       63%         3
 Cause Fear               Hex            4%         N/A       85%         4

Inventory:

Hand Weapons
 Y - a +1 sling (weapon)
Armour
 b - a +0 ring mail (worn)
 g - a +1 helmet (worn)
Jewellery
 e - a +6 ring of dexterity (right hand)
 h - an amulet of reflection (around neck)
 i - a +6 ring of strength (left hand)
Scrolls
 a - a scroll of identify
Potions
 c - a potion of heal wounds {unknown}
 d - 2 potions of curing
 f - a potion of lignification {unknown}

Dungeon Overview and Level Annotations

Branches:
Dungeon (4/15)
 Temple: D:4-7

Altars:
Yredelemnul


Message History

You shoot a sling bullet.
The sling bullet hits the phantom but does no damage.
The phantom is almost destroyed.
The phantom closely misses you. The dart slug launches a dart at you.
The slug dart misses you.
You shoot a sling bullet. The sling bullet misses the phantom.
The phantom barely misses you. The dart slug launches a dart at you.
The slug dart hits you but does no damage.
You shoot a sling bullet.
The sling bullet closely misses the phantom.
The orc wizard casts a spell.
The orc wizard flickers and vanishes!
Deactivating autopickup; reactivate with Ctrl-A.
The orc closely misses you. The phantom barely misses you.
The dart slug launches a dart at you. The slug dart hits you.
The phantom barely misses you.
You shoot a sling bullet.
The sling bullet completely misses the phantom.
The orc hits you with a +0 war axe. You block the phantom's attack.
The dart slug barely misses you.
You shoot a sling bullet.
The sling bullet hits the phantom but does no damage.
The phantom is severely damaged.
Something hits you. The orc hits you with a +0 war axe!
The phantom barely misses you.
You shoot a sling bullet. The sling bullet hits the phantom.
The phantom is almost destroyed.
Something hits you but does no damage. The orc hits you with a +0 war axe.
The phantom barely misses you. The dart slug bites you.
You shoot a sling bullet. The sling bullet hits the phantom.
The phantom is almost destroyed.
Something hits you. The orc hits you but does no damage.
You block the phantom's attack. The dart slug launches a dart at you.
The slug dart hits you but does no damage.
The phantom barely misses you. Something hits you.
The orc hits you with a +0 war axe!
You die... #. #..# #.# #. #..# #.# .# #. #<.# #.### ..> .. #..# #...# ..##o ###..# #.#.# # .oo

.... #.#.# .#
#.##w####.####.#.###.#
#....ยค.##@o!.........#
####..Jow.W..........#
###.########...#### #.#
#.).# .# #...#
....#####...#
.##.........#
.........<..#
#######.###


You could see a phantom, a dart slug, 2 orcs and an endoplasm.

Vanquished Creatures
  A scorpion (D:3)
  A hound (D:4)
  Jessica (D:3)
  3 gnolls (D:2)
  7 adders
  A dart slug (D:3)
  An orc (D:3)
  12 ball pythons
  4 bats
  8 endoplasms
  A giant cockroach (D:1)
  3 goblins
  10 hobgoblins
  6 jackals (D:1)
  4 quokkas
  5 frilled lizards
  3 rats
71 creatures vanquished.

Notes
Turn   | Place    | Note
-------+----------+-------------------------------------------
     0 | D:1      | qw the Gargoyle Hexslinger began the quest for the Orb.
     0 | D:1      | Reached XP level 1. HP: 12/12 MP: 2/2
     0 | D:1      | 0 ||| qw: Version: 0.3-a-46-gb1f654a
     0 | D:1      | 0 ||| qw: Game counter: 1065
     0 | D:1      | 0 ||| qw: Melee chars always use a shield: true
     0 | D:1      | 0 ||| qw: God list: Okawaru
     0 | D:1      | 0 ||| qw: Allow faded altars: false
     0 | D:1      | 0 ||| qw: Do Orc after clearing Dungeon:15 true
     0 | D:1      | 0 ||| qw: Do second Lair branch before Depths: true
     0 | D:1      | 0 ||| qw: Lair rune preference: random
     0 | D:1      | 0 ||| qw: Goals: Normal
     0 | D:1      | 0 ||| PLANNING D:1-11
    97 | D:1      | Reached XP level 2. HP: 16/16 MP: 3/3
   113 | D:1      | HP: 4/16 [hobgoblin (1)]
   124 | D:1      | HP: 4/16 [hobgoblin (1)]
   126 | D:1      | Reached skill level 3 in Ranged Weapons
   226 | D:1      | Found a faded altar of an unknown god.
   306 | D:1      | Reached XP level 3. HP: 18/21 MP: 4/4
   723 | D:1      | 723 ||| READING 2 scrolls labelled ZAUDDIREAPN.
   724 | D:1      | 724 ||| READING 2 scrolls labelled VALATO NUEWOUW.
   725 | D:1      | 725 ||| DROPPING scroll of poison.
   726 | D:1      | 726 ||| DROPPING scroll of fear.
   825 | D:2      | Reached XP level 4. HP: 24/26 MP: 5/5
   829 | D:2      | Reached skill level 4 in Ranged Weapons
  1187 | D:2      | 1187 ||| FLEEEEING.
  1188 | D:2      | 1188 ||| FLEEEEING.
  1189 | D:2      | 1189 ||| FLEEEEING.
  1190 | D:2      | 1190 ||| FLEEEEING.
  1191 | D:2      | 1191 ||| FLEEEEING.
  1194 | D:2      | 1194 ||| FLEEEEING.
  1195 | D:2      | 1195 ||| FLEEEEING.
  1196 | D:2      | 1196 ||| FLEEEEING.
  1197 | D:2      | 1197 ||| FLEEEEING.
  1199 | D:2      | 1199 ||| FLEEEEING.
  1200 | D:2      | 1200 ||| FLEEEEING.
  1201 | D:2      | 1201 ||| FLEEEEING.
  1207 | D:2      | 1207 ||| FLEEEEING.
  1224 | D:2      | HP: 5/26 [gnoll/+0 club (7)]
  1445 | D:2      | Reached XP level 5. HP: 30/30 MP: 6/6
  1534 | D:2      | 1534 ||| UPGRADING to +0 ring mail.
  1544 | D:2      | 1544 ||| DROPPING +0 robe.
  1545 | D:2      | 1545 ||| UPGRADING to +1 helmet.
  1550 | D:2      | 1550 ||| UPGRADING to amulet of reflection.
  1555 | D:2      | 1555 ||| UPGRADING to +6 ring of strength.
  1556 | D:2      | 1556 ||| READING scroll labelled SAFOIS SOIPTY.
  1557 | D:2      | 1557 ||| READING 2 scrolls of identify.
  1557 | D:2      | 1557 ||| IDENTIFYING murky white potion
  1615 | D:3      | Found a basalt altar of Yredelemnul.
  1694 | D:3      | Reached skill level 1 in Armour
  1737 | D:3      | Reached skill level 5 in Ranged Weapons
  1786 | D:3      | Identified the +10 whip of Calculation {freeze, Fly Str+2
                  | Dex+2}
  2004 | D:3      | Noticed Jessica
  2015 | D:3      | Killed Jessica
  2016 | D:3      | Reached skill level 3 in Fighting
  2016 | D:3      | Reached XP level 6. HP: 18/37 MP: 7/7
  2241 | D:3      | 2241 ||| UPGRADING to +6 ring of dexterity.
  2242 | D:3      | 2242 ||| READING scroll labelled GAGHES HOCONGI.
  2325 | D:4      | HP: 9/37 [dart slug (3)]
  2326 | D:4      | Slain by an orc

Levels and vault maps discovered:
D:1:      lightli_arrival_statue_moat, layout_loops_ring,
          shapermc_ecumenical_altar_ellora
D:2:      layout_loops_ring, chequers_serial_rivers_room_b,
          kennysheep_flooded_box, minmay_tetromino_t2
D:3:      layout_basic, amcnicky_altar_gilded, minmay_misc_feat_rugged,
          uniq_jessica
D:4:      layout_loops_ring, minmay_temple_entry_glass, grunt_ministairs_8,
          uniq_sigmund, uniq_crazy_yiuf_cottage

Skill      XL: |  1  2  3  4  5 |
---------------+----------------+-----
Ranged Weapons | 3 4 5 |  5.6
Fighting       | 2 3 |  3.1
Armour         | 1 |  1.0
Dodging        | |  1.5
Spellcasting   | |  1.0
Hexes          | |  2.6

Action                     |  1- 3 |  4- 6 || total
---------------------------+-------+-------++-------
   Fire: Sling             |   112 |   180 ||   292
    Use: Scroll            |     2 |     3 ||     5
 Armour: Robe              |    26 |     6 ||    32
         Ring mail         |       |    37 ||    37
  Dodge: Dodged            |    45 |    78 ||   123
  Block: Other             |       |    18 ||    18

Table legend:
 A = Non-vault XP
 B = Vault XP
 C = Vault XP percentage of total XP
 D = Non-vault monster count
 E = Vault monster count
 F = Vault count percentage of total count
                 A         B        C        D         E       F
            +---------+---------+-------+---------+---------+-------
      Total |     353 |      50 |  12.4 |      69 |       2 |   2.8
            +---------+---------+-------+---------+---------+-------
        D:1 |      56 |       0 |   0.0 |      31 |       0 |   0.0
        D:2 |      97 |      13 |  11.8 |      22 |       1 |   4.3
        D:3 |     153 |      37 |  19.5 |      14 |       1 |   6.7
        D:4 |      47 |       0 |   0.0 |       2 |       0 |   0.0
            +---------+---------+-------+---------+---------+-------
